 Dungeon Crawl Stone Soup version 0.31-a0-271-gb88eb75e06 (webtiles) character file.

Game seed: 2305385257765126369

36 senseless the Changeling (level 3, -1/29 HPs)
             Began as a Demigod Shapeshifter on July 14, 2023.
             Slain by a goblin
             ... wielding a +0 dagger
              (3 damage)
             ... on level 2 of the Dungeon.
             The game lasted 00:02:28 (1090 turns).

senseless the Changeling (Demigod Shapeshifter)     Turns: 1090, Time: 00:02:30

Health: -1/29      AC:  2    Str: 16    XL:     3   Next: 5%
Magic:  5/5        EV: 12    Int: 10    God:
Gold:   66         SH:  0    Dex: 18    Spells: 2/2 levels left

rFire   . . .        g - +0 great sword
rCold   . . .        (shield currently unavailable)
rNeg    . . .        a - +0 animal skin
rPois   .            (helmet currently unavailable)
rElec   .            (cloak currently unavailable)
rCorr   .            (gloves currently unavailable)
SInv    .            e - melded +1 pair of boots
Will    .....        (no amulet)
Stlth   ++           (no ring)
HPRegen 0.24/turn    (no ring)
MPRegen 0.09/turn

%: no passive effects
@: beast-form
A: beast (slay +2), high MP 1, forlorn, divine attributes
a: Begin Untransformation


You were on level 2 of the Dungeon.
You were a hulking beast.
You visited 1 branch of the dungeon, and saw 2 of its levels.

You collected 66 gold pieces.

Inventory:

Hand Weapons
 g - a +0 great sword (weapon)
Armour
 a - a +0 animal skin (worn)
 e - a +1 pair of boots (melded)
Jewellery
 i - a ring of fire
Talismans
 c - a beast talisman
Scrolls
 d - 3 scrolls of identify
 f - a scroll of enchant armour
 h - a scroll of enchant weapon {unknown}
Potions
 b - a potion of lignification


   Skills:
 + Level 2.2 Fighting
 + Level 0.2 Long Blades
 + Level 2.2 Dodging
 + Level 2.2 Unarmed Combat
 + Level 2.9 Shapeshifting


You had 2 spell levels left.
You didn't know any spells.
Your spell library contained the following spells:

 Spells                   Type           Power      Damage    Failure   Level
 Manifold Assault         Tloc           0%         N/A       98%         4
 Dispersal                Tloc           0%         N/A       100%        6
 Disjunction              Tloc           0%         N/A       100%        8


Dungeon Overview and Level Annotations

Branches:
Dungeon (2/15)

Annotations:
D:2 Natasha


Innate Abilities, Weirdness & Mutations

You are a hulking beast.
Your limbs bulge with bestial killing power. (Slay +2)
You have an increased reservoir of magic. (+10% MP)
You shall have no god before yourself.
Your divine heritage dramatically boosts your attributes as you level up.


Message History

You kill the dart slug!
No target in view!
No target in view!
No target in view!
No target in view!
No target in view!
No target in view!
No target in view!
No target in view!
No target in view!
HP restored.
A goblin comes into view. It is wielding a +0 dagger.
The goblin shouts!
You hear an angry hiss.
Natasha, Servant of Life and Death comes into view.
You hit the goblin.
The goblin is severely wounded.
The goblin hits you with a +0 dagger.
You closely miss the goblin.
The goblin is severely wounded.
Natasha casts a spell.
The goblin hits you with a +0 dagger. x2
You barely miss the goblin.
The goblin is severely wounded.
The goblin hits you with a +0 dagger.
Natasha mumbles some strange words.
The goblin misses you.
You closely miss the goblin.
The goblin is severely wounded.
Natasha misses you. The goblin hits you with a +0 dagger.
The cerulean imp hits you from afar with a +2 spear.
Natasha closely misses you.
The cerulean imp hits you from afar with a +0 spear.
You barely miss the goblin.
The goblin is severely wounded.
The goblin hits you with a +0 dagger.
The cerulean imp hits you from afar with a +2 spear.
Natasha claws you!
* * * LOW HITPOINT WARNING * * *
The cerulean imp barely misses you. The goblin hits you with a +0 dagger.
You die...

..........##.##.#
..
....>#######.##.#
.# .....#
....#.##.##.####.#
.....#
..........>.......
#.####
..$.......######..
#.# ..#.#.#...#
#.#
...#.#...######.
#.#####..
#............
.........
###5.h#######
#..#####. #.hg.#
##.# #.#5<# .#
#.#..# .# #.#..#
.# #.#..# .. ...#
#. #..#


You could see Natasha, 2 cerulean imps and a goblin.

Vanquished Creatures
  2 dart slugs
  2 bats (D:1)
  4 endoplasms (D:1)
  3 giant cockroaches (D:1)
  3 goblins (D:1)
  5 hobgoblins (D:1)
  2 ball pythons (D:1)
  3 frilled lizards (D:1)
  3 kobolds (D:1)
  A rat (D:1)
28 creatures vanquished.

Notes
Turn   | Place    | Note
-------+----------+-------------------------------------------
     0 | D:1      | senseless the Demigod Shapeshifter began the quest for the
                  | Orb.
     0 | D:1      | Reached XP level 1. HP: 17/17 MP: 3/3
   283 | D:1      | Reached XP level 2. HP: 24/24 MP: 4/4
   881 | D:1      | Reached XP level 3. HP: 21/29 MP: 5/5
  1084 | D:2      | Noticed Natasha
  1090 | D:2      | Slain by a goblin

Illustrated notes

Levels and vault maps discovered:
D:1:      dpeg_arrival_morbid_curiosity, layout_loops_ring,
          grunt_decor_fettered, nicolae_figureground_sparkle
D:2:      layout_loops_ring, uniq_natasha

Skill      XL: |  1 |
---------------+----+-----
Fighting       | 2 |  2.2
Dodging        | 2 |  2.2
Unarmed Combat | 2 |  2.2
Long Blades    | |  0.2
Shapeshifting  | |  2.9

Action                     || total
---------------------------++-------
  Melee: Unarmed           ||    60
         Great sword       ||    25
         Punch             ||     1
    Use: Scroll            ||     1
   Stab: Sleeping          ||     1
 Armour: Animal skin       ||    13
  Dodge: Dodged            ||    43
         Form:             ||     1
         Beast             ||     1

Table legend: (Time is in decaauts)
 A = Elapsed time spent in this place.
 B = Non-inter-level travel time spent in this place.
 C = Inter-level travel time spent in this place.
 D = Time resting spent in this place.
 E = Time spent auto-exploring this place.
 F = Levels seen in this place.
 G = Mean time per level.
                   A        B        C        D        E       F      G
               +--------+--------+--------+--------+--------+-----+--------+
         Total |   1103 |   1093 |     10 |      0 |    895 |   2 |  551.5 |
       Dungeon |   1103 |   1093 |     10 |      0 |    895 |   2 |  551.5 |
               +--------+--------+--------+--------+--------+-----+--------+

Top non-repeatable levels by time:
     D:1: 1024 daAuts
     D:2: 78 daAuts
